 Dungeon Crawl Stone Soup version 0.18-a0-63-g789eb7d (webtiles) character file.

114 katie03 the Shield-Bearer (level 5, -5/36 HPs)
             Began as a Halfling Fighter on Nov 9, 2015.
             Was a Follower of Yredelemnul.
             Slain by a gnoll
             ... wielding a +0 halberd
              (11 damage)
             ... on level 2 of the Dungeon on Nov 10, 2015.
             The game lasted 00:09:12 (1507 turns).

katie03 the Shield-Bearer (Halfling Fighter)        Turns: 1507, Time: 00:09:12

Health: -5/36      AC:  9    Str: 17    XL:     5   Next: 19%
Magic:  5/5        EV:  7    Int:  7    God:    Yredelemnul [*.....]
Gold:   48         SH: 10    Dex: 14    Spells: 0 memorised, 4 levels left

rFire  . . .     SeeInvis .     a - +0 long sword
rCold  . . .     Clarity  .     h - +0 chain mail
rNeg   . . .     SustAt   .     c - +0 shield
rPois  .         Gourm    .     (no helmet)
rElec  .         Spirit   .     (no cloak)
rCorr  .         Warding  .     (no gloves)
rMut   .         Stasis   .     (no boots)
MR     .....                    (no amulet)
Stlth  ..........               (no ring)
                                (no ring)

@: not resistant to hostile enchantments, extremely unstealthy
A: mutation resistance 1
a: Animate Remains, Renounce Religion


You were on level 2 of the Dungeon.
You worshipped Yredelemnul.
Yredelemnul was aware of your devotion.
You were not hungry.

You visited 1 branch of the dungeon, and saw 2 of its levels.

You collected 48 gold pieces.

Inventory:

Hand Weapons
 a - a +0 long sword (weapon)
Armour
 b - a +0 scale mail
 c - a +0 shield (worn)
 h - a +0 chain mail (worn)
Wands
 i - a wand of frost (19)
Scrolls
 g - 2 scrolls of remove curse
 j - a scroll of immolation {unknown}
Potions
 d - 2 potions of might
 f - 3 potions of haste
Comestibles
 e - 2 bread rations


   Skills:
 + Level 3.1 Fighting
 + Level 2.8 Long Blades
 + Level 3.8 Armour
 + Level 2.1 Dodging
 + Level 0.2 Stealth
 + Level 4.1 Shields


You had 4 spell levels left.
You didn't know any spells.

Dungeon Overview and Level Annotations

Branches:
Dungeon (2/15)

Altars:
Yredelemnul


Innate Abilities, Weirdness & Mutations

You are small and have problems with some larger weapons.
You are somewhat resistant to further mutation.


Message History

You see here a halberd.
You hit the gnoll.
The gnoll is heavily wounded.
The gnoll hits you but does no damage.
The gnoll hits you from afar with a halberd.
You barely miss the gnoll.
The gnoll is heavily wounded.
You block the gnoll's attack.
The gnoll hits you from afar with a halberd!
* * * LOW HITPOINT WARNING * * *
You closely miss the gnoll.
The gnoll is heavily wounded.
You block the gnoll's attack. x2
The gnoll hits you with a spear.
* * * LOW HITPOINT WARNING * * *
You hit the gnoll.
The gnoll is heavily wounded.
The gnoll hits you from afar with a halberd!
You die...
Your body rises from the dead as a mindless zombie.

#.# #............#
#
#.###.######.#####
# #.....# #.# .
############.######
#..........#
#.###.####.# #.#
#)# #@# #g#
#gg..g... ######g##


You could see 3 gnolls.

Vanquished Creatures
  Jessica (D:2)
  Natasha (D:2)
  An adder (D:2)
  A gnoll (D:2)
  4 worms (D:2)
  A giant gecko (D:1)
  A ball python (D:1)
  4 goblins
  6 hobgoblins
  3 kobolds
  6 bats
  3 giant newts
  4 rats (D:1)
36 creatures vanquished.

Notes
Turn   | Place    | Note
--------------------------------------------------------------
     0 | D:1      | katie03 the Halfling Fighter began the quest for the Orb.
     0 | D:1      | Reached XP level 1. HP: 15/15 MP: 1/1
   117 | D:1      | Reached XP level 2. HP: 16/20 MP: 2/2
   838 | D:1      | Reached XP level 3. HP: 22/25 MP: 3/3
   843 | D:2      | Noticed Jessica
   873 | D:2      | Killed Jessica
   873 | D:2      | Reached skill level 1 in Dodging
   873 | D:2      | Reached XP level 4. HP: 18/30 MP: 4/4
   896 | D:2      | Found a faded altar to an unknown god.
   926 | D:2      | Became a worshipper of Yredelemnul the Dark
   926 | D:2      | Reached * piety under Yredelemnul
  1097 | D:2      | Reached skill level 4 in Shields
  1104 | D:2      | Noticed Natasha
  1121 | D:2      | Killed Natasha
  1121 | D:2      | Reached XP level 5. HP: 4/36 MP: 5/5
  1384 | D:2      | Upgraded the game from 0.18-a0-61-g51eb058 to 0.18-a0-63-g789eb7d
  1507 | D:2      | Slain by a gnoll

Vault maps used:
D:1:      dpeg_arrival_subterranean_lakeside_camping, serial_bayou_lagoon_b
D:2:      ecumenical_altar_1, kennysheep_generic_room_6, uniq_jessica,
          uniq_robin, uniq_natasha

Action                   |  1- 3 |  4- 6 || total
-------------------------+-------+-------++-------
Melee: Long sword        |    82 |    69 ||   151
Evoke: Wand              |       |     2 ||     2
  Use: Scroll            |     4 |       ||     4
       Potion            |     2 |       ||     2
  Eat: Bread ration      |       |     1 ||     1
